 Dungeon Crawl Stone Soup version 0.28.0 (webtiles) character file.

Game seed: 12079292830152027962

4316 DrunkBamboolord the Reanimator (level 10, -4/52 HPs)
             Began as a Deep Elf Necromancer on Feb 7, 2022.
             Slain by Harold (17 damage)
             ... on level 8 of the Dungeon.
             The game lasted 00:30:28 (8906 turns).

DrunkBamboolord the Reanimator (DENe)               Turns: 8906, Time: 00:30:29

Health: -4/52      AC:  4    Str:  5    XL:     10   Next: 11%
Magic:  22/27      EV:  8    Int: 25    God:
Gold:   561        SH:  0    Dex: 15    Spells: 7/31 levels left

rFire   . . .      SeeInvis +   b - +2 dagger (pain)
rCold   . . .      Faith    .   (no shield)
rNeg    . . .      Spirit   .   p - +0 robe
rPois   .          Reflect  .   (no helmet)
rElec   .          Harm     .   i - +1 cloak {Stlth+}
rCorr   .          Rampage  .   (no gloves)
Will    +....                   (no boots)
Stlth   ++++......              m - amulet of regeneration
HPRegen 0.97/turn               u - ring of wizardry
MPRegen 0.20/turn               s - ring of see invisible

@: about to teleport, held
A: no striking features
a: no special abilities


You were on level 8 of the Dungeon.
You visited 2 branches of the dungeon, and saw 9 of its levels.

You collected 561 gold pieces.

Inventory:

Hand Weapons
 a - a +2 short sword of holy wrath
 b - a +2 dagger of pain (weapon)
Missiles
 g - 6 atropa-tipped darts (quivered)
 B - a throwing net
Armour
 i - a +1 cloak of stealth (worn)
 p - a +0 robe (worn)
Jewellery
 m - an amulet of regeneration (around neck)
 n - a ring of resist corrosion
 q - an amulet of faith
 r - a ring of protection from cold
 s - a ring of see invisible (right hand)
 u - a ring of wizardry (left hand)
 w - a ring of ice
 y - a ring of willpower
 C - a ring of positive energy
 D - a ring of positive energy
Wands
 k - a wand of digging (3)
 z - a wand of iceblast (6)
Scrolls
 e - 2 scrolls of torment
 j - a scroll of fog
 v - a scroll of immolation {unknown}
 E - a scroll of holy word
Potions
 c - 2 potions of attraction
 d - 4 potions of degeneration
 f - 2 potions of cancellation
 h - 2 potions of flight {unknown}
 o - a potion of ambrosia {unknown}
 t - 2 potions of curing
 x - a potion of berserk rage {unknown}
 A - a potion of heal wounds {unknown}


   Skills:
 + Level 1.1 Fighting
 + Level 5.4 Short Blades
 * Level 7.1 Dodging
 + Level 4.4 Stealth
 * Level 11.1 Spellcasting
 * Level 11.2 Necromancy
 * Level 1.4 Ice Magic


You had 7 spell levels left.
You knew the following spells:

 Your Spells              Type           Power      Damage    Failure   Level
a - Pain                  Necr           100%       1d9       1%          1
b - Animate Skeleton      Necr           100%       N/A       1%          1
c - Vampiric Draining     Necr           63%        2d10      1%          3
d - Animate Dead          Necr           31%        N/A       1%          4
e - Agony                 Necr           63%        N/A       1%          5
f - Simulacrum            Ice/Necr       22%        N/A       21%         6
g - Hailstorm             Conj/Ice       17%        3d6       13%         4

Your spell library contained the following spells:

 Spells                   Type           Power      Damage    Failure   Level
 Scorch                   Fire           26%        2d6       2%          2
 Static Discharge         Conj/Air       13%        N/A       2%          2
 Dazzling Flash           Conj/Hex       26%        N/A       5%          3
 Ice Form                 Ice/Tmut       17%        N/A       13%         4
 Flame Wave               Conj/Fire      13%        2d6       17%         4
 Lightning Bolt           Conj/Air       6%         1d18      43%         5
 Manifold Assault         Tloc           13%        N/A       43%         5
 Summon Cactus Giant      Summ           6%         N/A       92%         6
 Maxwell's Capacitive Co  Air            6%         ∞         100%        8
 Fire Storm               Conj/Fire      6%         8d2       100%        9


Dungeon Overview and Level Annotations

Branches:
Dungeon (8/15)             Temple (1/1) D:5
   Lair: D:8-11

Altars:
Ashenzari
Cheibriados
Dithmenos
Elyvilon
Fedhas
Gozag
Hepliaklqana
Qazlal
Ru
Sif Muna
Trog
Uskayaw
Vehumet
Wu Jian
Xom
Yredelemnul
Zin
The Shining One

Annotations:
D:4 3 runed translucent doors, Kloppie's ghost, amateur MiBe; Lapinsky1's ghost, amateur MiHu; kaze's ghost, amateur OgTm; mora's ghost, amateur GrFi
D:8 1 transporter, Harold


Message History

You hear a shout!
The kobold shoots a bolt.
The bolt hits you.
Casting: Pain (safe; 1% risk of failure)
Confirm with . or Enter, or press ? or * to list all spells.
Aiming: Pain (safe; 1% risk of failure)
Press: ? - help, Shift-Dir - straight line, f - kobold
Aim: a kobold, wielding a +0 hand crossbow and quivering bolts (chance to affect: 93%)
The kobold writhes in agony!
You kill the kobold!
Casting: Pain (safe; 1% risk of failure)
Confirm with . or Enter, or press ? or * to list all spells.
Aiming: Pain (safe; 1% risk of failure)
Press: ? - help, Shift-Dir - straight line, f - Harold
Aim: Harold, wielding a +2 vorpal war axe, wearing a +0 chain mail and quivering 2 throwing nets (chance to affect: 52%) Harold resists with significant effort.
Harold throws a throwing net.
The throwing net hits you.
You become entangled in the net!
You see here a throwing net.
You struggle against the net.
Casting: Pain (safe; 1% risk of failure)
Confirm with . or Enter, or press ? or * to list all spells.
Aiming: Pain (safe; 1% risk of failure)
Press: ? - help, Shift-Dir - straight line, f/p - Harold
Aim: Harold, wielding a +2 vorpal war axe, wearing a +0 chain mail and quivering a throwing net (chance to affect: 52%) Harold resists with significant effort.
Harold hits you with a +2 vorpal war axe!
Casting: Pain (safe; 1% risk of failure)
Confirm with . or Enter, or press ? or * to list all spells.
Aiming: Vampiric Draining (safe; 1% risk of failure)
Press: ? - help, Shift-Dir - straight line, f/p - Harold
Aim: Harold, wielding a +2 vorpal war axe, wearing a +0 chain mail and quivering a throwing net You draw life force from Harold!
You feel life coursing into your body.
Harold hits you with a +2 vorpal war axe!!
* * * LOW HITPOINT WARNING * * *
Okay, then.
Okay, then.
As you read the scroll of teleportation, it crumbles to dust.
You feel strangely unstable.
Harold hits you with a +2 vorpal war axe!
You die...

..........@o
#.........K#
#..........#
#.....<.y...
#..>.......# $
#.....y...# ©(
#y.......<# . #
######..!)########....
.........yo@@........
###....#########.#..
##....# ##.# #.....#
...# #....####
..#####.........
............####
...##......##
.#.##......#


You could see Harold, 2 killer bees and an orc.

Vanquished Creatures
  2 two-headed ogres
  Maurice (D:8)
  An unseen horror (D:6)
  A wyvern (D:6)
  A human (D:7)
  2 steam dragons (D:7)
  A water moccasin (D:7)
  4 sky beasts (D:7)
  An orc warrior (D:7)
  A black bear (D:6)
  3 ogres
  A bullfrog (D:7)
  A wyvern zombie (D:6)
  A wyvern skeleton (D:7)
  A lava snake (D:7)
  2 centaur zombies
  A jelly (D:7)
  A bullfrog skeleton (D:5)
  4 orc priests
  4 hounds
  2 centaur skeletons
  Jessica (D:3)
  4 iguanas
  Terence (D:3)
  8 orc wizards
  Natasha (thrice) (D:2)
  A killer bee zombie (D:6)
  A mummy (D:6)
  3 adders
  A howler monkey skeleton (D:6)
  A shadow imp (D:6)
  A white imp (D:7)
  An ufetubus (D:4)
  2 worms
  A dart slug (D:1)
  16 orcs
  7 ball pythons
  6 bats
  8 endoplasms
  A giant cockroach (D:3)
  7 goblins
  9 hobgoblins
  2 jackals (D:2)
  8 kobolds
  3 quokkas
  2 frilled lizards (D:1)
  A goblin zombie (D:7)
  2 rats
137 creatures vanquished.

Vanquished Creatures (others)
  A centaur (D:7)
1 creature vanquished.

Grand Total: 138 creatures vanquished

Notes
Turn   | Place    | Note
-------+----------+-------------------------------------------
     0 | D:1      | DrunkBamboolord the Deep Elf Necromancer began the quest
                  | for the Orb.
     0 | D:1      | Reached XP level 1. HP: 10/10 MP: 6/6
    49 | D:1      | Reached skill level 5 in Necromancy
   346 | D:1      | Reached XP level 2. HP: 8/15 MP: 1/8
   588 | D:1      | Found a faded altar of an unknown god.
  1537 | D:2      | Reached XP level 3. HP: 18/19 MP: 8/10
  1537 | D:2      | Noticed Natasha
  1552 | D:2      | Learned a level 1 spell: Animate Skeleton
  1556 | D:2      | Learned a level 3 spell: Vampiric Draining
  1571 | D:2      | Killed Natasha
  1774 | D:2      | Noticed Natasha
  1780 | D:2      | Killed Natasha
  1781 | D:2      | Reached XP level 4. HP: 11/24 MP: 6/12
  1829 | D:2      | Noticed Natasha
  1832 | D:2      | Killed Natasha
  2373 | D:2      | Learned a level 4 spell: Animate Dead
  2414 | D:3      | Noticed Jessica
  2420 | D:3      | Killed Jessica
  2421 | D:3      | Reached XP level 5. HP: 27/28 MP: 10/14
  2631 | D:3      | Noticed Terence
  2640 | D:3      | Killed Terence
  2885 | D:3      | Found an ornate altar of the Wu Jian Council.
  3016 | D:3      | Found a radiant altar of Vehumet.
  3174 | D:3      | Found a hide-covered altar of Uskayaw.
  3493 | D:4      | Reached skill level 5 in Spellcasting
  3494 | D:4      | Noticed an ogre
  3611 | D:4      | Got the Volume of Harmful Translocation
  3625 | D:4      | Learned a level 5 spell: Agony
  3913 | D:4      | Found a runed translucent gate.
  3913 | D:4      | Found a runed translucent gate.
  3913 | D:4      | Found a runed translucent gate.
  3936 | D:4      | Noticed mora's ghost (amateur GrFi)
  3936 | D:4      | Noticed Lapinsky1's ghost (amateur MiHu)
  3937 | D:4      | Noticed kaze's ghost (amateur OgTm)
  3937 | D:4      | Noticed Kloppie's ghost (amateur MiBe)
  4067 | D:3      | Reached XP level 6. HP: 32/32 MP: 16/16
  4130 | D:4      | Reached skill level 1 in Short Blades
  4539 | D:4      | Reached XP level 7. HP: 36/36 MP: 10/18
  4665 | D:5      | Entered Level 5 of the Dungeon
  4922 | D:5      | Found a blossoming altar of Fedhas.
  5123 | D:5      | Found a staircase to the Ecumenical Temple.
  5166 | Temple   | Entered the Ecumenical Temple
  5659 | D:6      | Found an opulent altar of Gozag.
  5659 | D:6      | Noticed a two-headed ogre
  5688 | D:6      | Killed a two-headed ogre
  5689 | D:6      | Reached skill level 5 in Dodging
  5689 | D:6      | Reached XP level 8. HP: 41/41 MP: 4/21
  5939 | D:6      | Found a snail-covered altar of Cheibriados.
  6127 | D:6      | Found a white marble altar of Elyvilon.
  6283 | D:6      | Found a shimmering blue altar of Sif Muna.
  6348 | D:6      | HP: 2/41 [wyvern zombie (13)]
  6501 | D:6      | Noticed an unseen horror
  6527 | D:6      | Killed an unseen horror
  6528 | D:6      | Reached skill level 5 in Short Blades
  6528 | D:6      | Reached XP level 9. HP: 30/45 MP: 1/23
  7509 | D:7      | Found a runed translucent door.
  7518 | D:7      | Found a basalt altar of Yredelemnul.
  7534 | D:7      | Reached skill level 10 in Necromancy
  7767 | D:7      | Reached skill level 10 in Spellcasting
  7917 | D:7      | Reached skill level 1 in Fighting
  8534 | D:8      | Learned a level 6 spell: Simulacrum
  8535 | D:8      | Found a sacrificial altar of Ru.
  8541 | D:8      | Noticed a two-headed ogre
  8549 | D:8      | Killed a two-headed ogre
  8550 | D:8      | Reached skill level 1 in Ice Magic
  8550 | D:8      | Reached XP level 10. HP: 6/52 MP: 10/26
  8669 | D:8      | Noticed Maurice
  8711 | D:8      | Killed Maurice
  8738 | D:8      | Learned a level 4 spell: Hailstorm
  8863 | D:8      | Found a shimmering altar of Xom.
  8885 | D:8      | Found a transporter.
  8890 | D:8      | Noticed Harold
  8906 | D:8      | Slain by Harold

Illustrated notes

Levels and vault maps discovered:
D:1:      dpeg_arrival_pond, layout_loops_ring,
          shapermc_ecumenical_altar_mp_urbaneastern
D:2:      layout_rooms, uniq_natasha
D:3:      layout_loops_corners, mainiacjoe_overflow_cross_hatched,
          nzn_wu_jian_contemplation, mainiacjoe_overflow_alcove_1,
          nrook_campfire, uniq_terence, uniq_jessica
D:4:      layout_loops_cross, gammafunk_ghost_cemetery
D:5:      layout_loops_ring, lemuel_doored_altar,
          minmay_temple_entry_antechambers, hangedman_abyss_or_decor_stagger,
          kennysheep_generic_room_3
D:6:      minmay_chambers_of_fours, layout_basic, amcnicky_altar_gilded,
          chei_slow_surprise, hangedman_feature_mirror
D:7:      layout_basic, dk_yredelemnul_ordeal, nicolae_lava_and_water,
          hangedman_misty_isle
D:8:      gammafunk_cloud_chamber, layout_rooms,
          mainiacjoe_overflow_tiny_flanked, nicolae_overflow_crystal_walls,
          minmay_large_rounded_square, uniq_maurice, uniq_harold
Temple:   nicolae_temple_figure_zero

Skill      XL: |  1  2  3  4  5  6  7  8  9 10 |
---------------+-------------------------------+-----
Necromancy     | 5 6 7 8 9 11 | 11.2
Spellcasting   | 4 5 6 7 8 10 11 | 11.1
Dodging        | 3 5 6 7 |  7.1
Short Blades   | 1 3 5 |  5.4
Stealth        | 3 4 |  4.4
Fighting       | 1 |  1.1
Ice Magic      | 1 |  1.4

Action                   |  1- 3 |  4- 6 |  7- 9 | 10-12 || total
-------------------------+-------+-------+-------+-------++-------
Melee: Unarmed           |     2 |       |       |       ||     2
       Spear             |       |     3 |       |       ||     3
       Short sword       |       |     9 |    64 |       ||    73
       Dagger            |       |    17 |   115 |     5 ||   137
       Punch             |       |       |     2 |       ||     2
Throw: Dart              |       |       |    10 |     2 ||    12
 Cast: Pain              |    53 |    81 |    43 |    37 ||   214
       Vampiric Draining |       |    10 |    34 |     3 ||    47
       Animate Dead      |       |     1 |     2 |       ||     3
  Use: Scroll            |     6 |     2 |     9 |     1 ||    18
       Potion            |       |     2 |     2 |       ||     4
 Stab: Sleeping          |       |     2 |     5 |       ||     7
       Distracted        |       |       |     1 |       ||     1
Armor: Robe              |       |     7 |    28 |     1 ||    36
Dodge: Dodged            |     3 |    31 |   186 |     9 ||   229
